 Dungeon Sprint DCSS version 0.22.1-2-g9c5b331 (webtiles) character file.

9454 diana the Unseen (level 11, -2/74 HPs)
             Began as a Kobold Enchanter on Dec 22, 2018.
             Was a High Priest of Okawaru.
             Slain by a sixfirhy (10 damage)
             ... summoned by an orc high priest
             ... in the Dungeon (Sprint III: "The Ten Rune Challenge").
             The game lasted 00:14:31 (1784 turns).

diana the Unseen (Kobold Enchanter)                 Turns: 1784, Time: 00:14:31

Health: -2/74      AC: 12    Str:  9    XL:     11   Next: 74%
Magic:  22/22      EV: 24    Int: 27    God:    Okawaru [*****.]
Gold:   4269       SH:  3    Dex: 18    Spells: 12/25 levels left

rFire    + . .     SeeInvis +   c - +2 dagger (drain)
rCold    . . .     Gourm    .   (shield restricted)
rNeg     . . .     Faith    .   u - +1 troll leather armour {Snorg}
rPois    .         Spirit   .   (no helmet)
rElec    .         Reflect  +   (no cloak)
rCorr    .         Harm     .   (no gloves)
MR       .....     Clarity  +   (no boots) Stlth +++++++...NoTele +
                                v - +3 amulet of reflection
HPRegen  0.62/turn              g - ring of Taitoush {*Contam AC+5 Str+3 Int+8}
MPRegen  0.18/turn              m - ring of Nonnoorewk {rF+ Slay+5 SInv}

@: very slightly contaminated
A: small, talons 2, slimy green scales 1, thin skeletal structure 1, carnivore,
clarity, wild magic 1, MP-powered wands
a: Heroism, Finesse, Renounce Religion


You were in the Dungeon.
You worshipped Okawaru.
Okawaru was extremely pleased with you.
You were not hungry.

You visited 1 branch You collected 6156 gold pieces.
You spent 1887 gold pieces at shops.

Inventory:

Hand Weapons
 a - a +1 dagger
 c - a +2 dagger of draining (weapon)
 r - a +1 long sword of holy wrath
Armour
 b - a +0 robe
 u - a +1 troll leather armour (worn) {Snorg}
Jewellery
 g - the ring of Taitoush (left hand) {*Contam AC+5 Str+3 Int+8}
   (You bought it in a shop in the Dungeon)

   [ring of protection]

   It affects your AC (+5).
   It affects your strength (+3).
   It affects your intelligence (+8).
   It causes magical contamination when unequipped.
 m - the ring of Nonnoorewk (right hand) {rF+ Slay+5 SInv}
   (You bought it in a shop in the Dungeon)

   [ring of see invisible]

   It affects your accuracy and damage with ranged weapons and melee attacks
   (+5).
   It protects you from fire.
   It lets you see invisible.
 v - a +3 amulet of reflection (around neck)
Scrolls
 e - 2 scrolls of immolation {unknown}
 k - 2 scrolls of identify
 l - a scroll of enchant weapon {unknown}
 n - a scroll of fog {unknown}
 o - a scroll of remove curse {unknown}
Potions
 f - a potion of curing
 h - 2 potions of magic
 i - a potion of berserk rage
 p - 2 potions of flight
 q - a potion of mutation
 s - a potion of might
Miscellaneous
 t - a crystal ball of energy
Comestibles
 d - 17 rations


   Skills:
 + Level 11.0 Fighting
 + Level 14.6 Short Blades
 + Level 12.2 Dodging
 + Level 16.1 Stealth
 - Level 7.8 Spellcasting
 - Level 7.5 Conjurations
 - Level 11.7 Hexes
 - Level 5.7 Translocations
 - Level 4.9 Ice Magic
 + Level 3.9 Invocations


You had 12 spell levels left.
You knew the following spells:

 Your Spells              Type           Power        Failure   Level  Hunger
a - Corona                Hex            #######      1%          1    None
b - Ensorcelled Hibernat  Hex/Ice        ######       1%          2    None
c - Confuse               Hex            #######.     1%          3    None
d - Apportation           Tloc           ######       1%          1    None
e - Dazzling Spray        Conj/Hex       ######       1%          3    None
f - Tukima's Dance        Hex            #######.     1%          3    None

Your spell library contained the following spells:

 Spells                   Type           Power        Failure   Level  Hunger
 Confusing Touch          Hex            ######       1%          1    None
 Animate Skeleton         Necr           N/A          12%         1    None
 Summon Small Mammal      Summ           ##..         12%         1    None


Dungeon Overview and Level Annotations

Branches:
Dungeon (1/1)

Altars:
Cheibriados
Dithmenos
Elyvilon
Fedhas
Gozag
Hepliaklqana
Kikubaaqudgha
Makhleb
Nemelex Xobeh
Okawaru
Qazlal
Ru
Sif Muna
Trog
Uskayaw
Vehumet
Wu Jian
Xom
Yredelemnul
Zin
The Shining One
Beogh
Jiyva
Lugonu

Shops:
D =


Innate Abilities, Weirdness & Mutations

You are small and have problems with some larger weapons.
You are carnivorous and can eat meat at any time.
You have razor-sharp toenails.
You are partially covered in slimy green scales. (AC +2)
You have a somewhat thin skeletal structure. (Dex +2, Stealth)
You possess an exceptional clarity of mind.
Your spells are a little harder to cast, but a little more powerful.
You expend magic power (3 MP) to strengthen your wands.


Message History

There is an open door here.
The sixfirhy misses you. The sixfirhy barely misses you. The sixfirhy hits you.
The sixfirhy shocks you! The sixfirhy hits you. The sixfirhy shocks you!
The sixfirhy barely misses you. The sixfirhy misses you. The sixfirhy hits you.
The sixfirhy shocks you! The sixfirhy hits you. The sixfirhy shocks you!
* * * LOW HITPOINT WARNING * * *
Okay, then.
Okay, then.
Okay, then.
Blink to where?
Press: ? - help, Dir - move target cursor You are very lightly contaminated with residual magic.
As you read the scroll of blinking, it crumbles to dust.
You close the door.
Something unseen opens the door.
The sixfirhy hits you!
* * * LOW HITPOINT WARNING * * *
The sixfirhy shocks you!
You die...

#__)#._#.........##
#'###)##........##
)...)..#........∩#
)..))..#....###.##
######)#..##.####
#__#.))#'########################
#__#..)#..§§§'.#.'...'3#.#.#.†...
#__#..[#.#§§§#§#3#...##.#.#.##...
#__#...'§#§§§#§#@#)..#.#.#.#.#...
#__'..§#.#§.§#...#)).##.#.#.##...
▓▓▓▓▓▓▓▓▓▓▓▓▓▓▓▓▓▓▓▓▓#.#.#.#.#...
♣≈≈≈........≈≈≈...##.#.#.##...
+♣≈≈≈≈≈≈≈≈≈≈≈≈♣♣P.'.#.#.#.#...
♣♣♣♣♣♣♣♣♣♣♣♣♣♣♣PP##.#.#.#####
♣♣♣##3######## #...'§≈≈≈§#
#)..#.≈§§≈#


You could see a sixfirhy.

Vanquished Creatures
  Dowan (D)
  Snorg (D)
  A centaur warrior (D)
  2 orc high priests (D)
  2 unseen horrors (D)
  A deep elf mage (D)
  Duvessa (D)
  A queen bee (D)
  3 wandering mushrooms (D)
  A shadow (D)
  A spatial vortex (D)
  2 orc warriors (D)
  A necrophage (D)
  2 centaurs (D)
  An earth elemental (D)
  A water elemental (D)
  32 killer bees (D)
  5 orc wizards (D)
  A wizard (D)
  A jelly (D)
  Jessica (D)
  A necromancer (D)
  3 humans (D)
  A kobold demonologist (D)
  A wolf (D)
  An ooze (D)
  9 orcs (D)
  2 rats (D)
80 creatures vanquished.

Vanquished Creatures (others)
  2 draconian scorchers (D)
  6 hellions (D)
  A yaktaur (D)
  3 orc priests (D)
  A plant (D)
13 creatures vanquished.

Grand Total: 93 creatures vanquished

Notes
Turn   | Place    | Note
-------+----------+-------------------------------------------
     0 | D        | diana the Kobold Enchanter began the quest for the Orb.
     0 | D        | Reached XP level 1. HP: 10/10 MP: 3/3
    28 | D        | Reached XP level 2. HP: 13/15 MP: 5/5
    65 | D        | Noticed Jessica
    69 | D        | Killed Jessica
    69 | D        | Reached skill level 5 in Stealth
    69 | D        | Reached skill level 5 in Hexes
    69 | D        | Reached XP level 3. HP: 19/19 MP: 6/6
    82 | D        | Learned a level 2 spell: Ensorcelled Hibernation
    83 | D        | Reached skill level 6 in Stealth
    83 | D        | Reached XP level 4. HP: 24/24 MP: 4/7
   101 | D        | Killed a hellion
   101 | D        | Killed a hellion
   110 | D        | Killed a hellion
   110 | D        | Killed a hellion
   133 | D        | Reached skill level 5 in Short Blades
   166 | D        | Killed a hellion
   187 | D        | Killed a white draconian scorcher
   199 | D        | Gained mutation: You are partially covered in slimy green
                  | scales. (AC +2) [potion of mutation]
   199 | D        | Gained mutation: You are resistant to hostile enchantments.
                  | (MR+) [potion of mutation]
   200 | D        | Lost mutation: You are resistant to hostile enchantments.
                  | (MR+) [potion of mutation]
   200 | D        | Gained mutation: You are frail. (-10% HP) [potion of
                  | mutation]
   200 | D        | Gained mutation: You have sharp toenails. [potion of
                  | mutation]
   200 | D        | Gained mutation: Your body sometimes deteriorates upon
                  | taking damage. [potion of mutation]
   200 | D        | Gained mutation: You have sharp fingernails. [potion of
                  | mutation]
   201 | D        | Lost mutation: You are frail. (-10% HP) [potion of
                  | mutation]
   201 | D        | Lost mutation: Your body sometimes deteriorates upon taking
                  | damage. [potion of mutation]
   201 | D        | Gained mutation: You expend magic power (3 MP) to
                  | strengthen your wands. [potion of mutation]
   201 | D        | Gained mutation: Armour fits poorly on your strangely
                  | shaped body. [potion of mutation]
   201 | D        | Gained mutation: You have razor-sharp toenails. [potion of
                  | mutation]
   202 | D        | Lost mutation: Armour fits poorly on your strangely shaped
                  | body. [potion of mutation]
   202 | D        | Lost mutation: You have sharp fingernails. [potion of
                  | mutation]
   202 | D        | Gained mutation: You possess an exceptional clarity of
                  | mind. [potion of mutation]
   202 | D        | Gained mutation: Your spells are a little harder to cast,
                  | but a little more powerful. [potion of mutation]
   202 | D        | Gained mutation: You have a somewhat thin skeletal
                  | structure. (Dex +2, Stealth) [potion of mutation]
   227 | D        | Killed a yaktaur
   265 | D        | Learned a level 3 spell: Confuse
   266 | D        | Noticed a water elemental
   266 | D        | Killed a white draconian scorcher
   268 | D        | Killed a water elemental
   268 | D        | Reached skill level 8 in Stealth
   268 | D        | Reached XP level 5. HP: 28/28 MP: 8/8
   271 | D        | Found a radiant altar of Vehumet.
   271 | D        | Found a deep blue altar of Sif Muna.
   271 | D        | Found an ancient bone altar of Kikubaaqudgha.
   273 | D        | Reached skill level 9 in Stealth
   275 | D        | Killed a hellion
   281 | D        | Learned a level 1 spell: Apportation
   287 | D        | Found a glowing silver altar of Zin.
   288 | D        | Found a glowing golden altar of the Shining One.
   288 | D        | Found a white marble altar of Elyvilon.
   288 | D        | Noticed a deep elf mage
   290 | D        | Killed a deep elf mage
   290 | D        | Reached skill level 5 in Dodging
   290 | D        | Reached skill level 10 in Stealth
   290 | D        | Reached XP level 6. HP: 38/38 MP: 8/12
   290 | D        | Reached XP level 7. HP: 43/43 MP: 8/13
   330 | D        | Found a hide-covered altar of Uskayaw.
   330 | D        | Found a roughly hewn altar of Beogh.
   330 | D        | Found an iron altar of Okawaru.
   330 | D        | Found a bloodstained altar of Trog.
   330 | D        | Found an ornate altar of the Wu Jian Council.
   330 | D        | Noticed a human
   330 | D        | Noticed a human
   333 | D        | Killed a human
   333 | D        | Reached skill level 11 in Stealth
   333 | D        | Reached skill level 5 in Spellcasting
   334 | D        | Killed a human
   334 | D        | Reached skill level 5 in Fighting
   334 | D        | Reached skill level 10 in Short Blades
   334 | D        | Reached XP level 8. HP: 49/49 MP: 13/16
   343 | D        | Became a worshipper of Warmaster Okawaru
   357 | D        | Found a basalt altar of Yredelemnul.
   357 | D        | Found a shadowy altar of Dithmenos.
   357 | D        | Found a sacrificial altar of Ru.
   423 | D        | Learned a level 3 spell: Dazzling Spray
   497 | D        | Noticed a shadow
   499 | D        | Killed a shadow
   499 | D        | Reached * piety under Okawaru
   499 | D        | Reached skill level 1 in Conjurations
   509 | D        | Found a blossoming altar of Fedhas.
   509 | D        | Found a stormy altar of Qazlal.
   510 | D        | Found a snail-covered altar of Cheibriados.
   510 | D        | Found a burning altar of Makhleb.
   510 | D        | Found a hazy altar of Hepliaklqana.
   510 | D        | Found a shimmering altar of Xom.
   510 | D        | Found an opulent altar of Gozag.
   510 | D        | Found a sparkling altar of Nemelex Xobeh.
   510 | D        | Found a corrupted altar of Lugonu.
   510 | D        | Found a viscous altar of Jiyva.
   534 | D        | Noticed Snorg
   536 | D        | Killed Snorg
   536 | D        | Reached ** piety under Okawaru
   536 | D        | Reached skill level 12 in Stealth
   536 | D        | Reached skill level 10 in Hexes
   536 | D        | Reached XP level 9. HP: 55/56 MP: 14/19
   573 | D        | Reached skill level 5 in Conjurations
   578 | D        | Noticed a centaur warrior
   582 | D        | Killed a centaur warrior
   582 | D        | Reached *** piety under Okawaru
   582 | D        | Reached skill level 13 in Stealth
   582 | D        | Reached XP level 10. HP: 63/63 MP: 19/21
   707 | D        | Killed an unseen horror
   827 | D        | Killed an unseen horror
   890 | D        | Learned a level 3 spell: Tukima's Dance
   917 | D        | Noticed an orc high priest
   917 | D        | Noticed an orc high priest
   954 | D        | Reached skill level 1 in Translocations
  1020 | D        | Noticed a rust devil
  1039 | D        | Noticed a sixfirhy
  1042 | D        | Noticed an orange demon
  1048 | D        | Killed an orc high priest
  1048 | D        | Reached **** piety under Okawaru
  1048 | D        | Reached skill level 10 in Dodging
  1048 | D        | Reached skill level 14 in Stealth
  1207 | D        | Killed an orc high priest
  1209 | D        | Reached XP level 11. HP: 61/71 MP: 11/22
  1287 | D        | Found Reuwuto's Jewellery Shop.
  1302 | D        | Bought the ring of Taitoush {*Contam AC+5 Str+3 Int+8} for
                  | 1033 gold pieces
  1302 | D        | Bought the ring of Nonnoorewk {rF+ Slay+5 SInv} for 650
                  | gold pieces
  1302 | D        | Bought a +3 amulet of reflection for 204 gold pieces
  1518 | D        | Reached skill level 15 in Stealth
  1518 | D        | Reached skill level 5 in Translocations
  1549 | D        | Reached skill level 10 in Fighting
  1556 | D        | Reached ***** piety under Okawaru
  1713 | D        | Noticed Dowan
  1713 | D        | Noticed Duvessa
  1717 | D        | Killed Duvessa
  1717 | D        | Reached skill level 1 in Invocations
  1719 | D        | Killed Dowan
  1719 | D        | Reached skill level 16 in Stealth
  1767 | D        | Noticed a sixfirhy
  1784 | D        | Slain by a sixfirhy

Skill      XL: |  1  2  3  4  5  6  7  8  9 10 11 |
---------------+----------------------------------+-----
Hexes          | 4 5 7 8 9 10 11 | 11.7
Short Blades   | 3 4 6 9 10 11 13 14 | 14.6
Stealth        | 5 6 8 10 11 12 13 14 16 | 16.1
Fighting       | 4 5 6 7 9 11 | 11.0
Dodging        | 5 6 7 8 10 12 | 12.2
Spellcasting   | 4 5 6 7 |  7.8
Ice Magic      | 3 4 |  4.9
Conjurations   | 4 6 7 |  7.5
Translocations | 3 5 |  5.7
Invocations    | 3 |  3.9

Action                   |  1- 3 |  4- 6 |  7- 9 | 10-12 || total
-------------------------+-------+-------+-------+-------++-------
Melee: Dagger            |     6 |    16 |    20 |   253 ||   295
       Kick              |       |       |     5 |    47 ||    52
 Cast: Ensorcelled Hiber |     1 |     4 |     3 |    13 ||    21
       Confuse           |       |       |     2 |     3 ||     5
       Dazzling Spray    |       |       |       |    18 ||    18
Invok: Heroism           |       |       |       |     3 ||     3
  Use: Potion            |       |     6 |       |     3 ||     9
       Scroll            |       |       |       |     1 ||     1
 Stab: Sleeping          |     3 |     4 |    10 |     7 ||    24
       Confused          |       |       |     1 |     1 ||     2
       Invisible         |       |       |       |     6 ||     6
  Eat: Chunk             |       |     5 |       |       ||     5
Armor: Robe              |       |     1 |     1 |       ||     2
       Troll leather arm |       |       |       |    54 ||    54
Dodge: Dodged            |       |    13 |     5 |   159 ||   177
Block: Other             |       |       |       |    10 ||    10
